 Dungeon Crawl Stone Soup version 0.15.2 (webtiles) character file.

42 MordorOrchid the Cutter (level 3, -1/18 HPs)
             Began as a Spriggan Wanderer on Dec 20, 2020.
             Killed from afar by a kobold (8 damage)
             ... with a wand of flame
             ... on Level 2 of the Dungeon.
             The game lasted 00:05:27 (1594 turns).

MordorOrchid the Cutter (Spriggan Wanderer)         Turns: 1594, Time: 00:05:27

HP  -1/18        AC  2     Str  7      XL: 3   Next: 33%
MP   7/7         EV 17     Int 14      God:
Gold 124         SH  0     Dex 16      Spells:  1 memorised,  3 levels left

rFire  . . .     SeeInvis +     y - +3 dagger
rCold  . . .     Clarity  .     d - +0 robe
rNeg   . . .     rCorr    .     (shield restricted)
rPois  .         rRot     .     (helmet restricted)
rElec  .         Spirit   .     (no cloak)
SustAb .         Warding  .     (gloves unavailable)
rMut   .         Stasis   .     (boots unavailable)
Gourm  .                        (no amulet)
MR     .....                    (no ring)
                                (no ring)

@: very quick, not resistant to hostile enchantments, unstealthy
A: unfitting armour, see invisible, herbivore 3, speed 3, slow metabolism 2
a: no special abilities


You were on level 2 of the Dungeon.
You were not hungry.

You visited 1 branch of the dungeon, and saw 2 of its levels.

You collected 124 gold pieces.

Inventory:

Hand weapons
 b - a +2 blowgun
 c - a +0 short sword
 f - a +0 spear
 y - a +3 dagger (weapon)
Missiles
 a - 3 curare-tipped needles
 g - 88 stones (quivered)
 i - 32 arrows
 m - 9 poisoned needles
Armour
 d - a +0 robe (worn)
Comestibles
 h - 2 bread rations
Scrolls
 j - a scroll of remove curse {unknown}
 l - a scroll of amnesia {unknown}
 p - a scroll of enchant armour {unknown}
 q - a scroll of recharging {unknown}
 r - a scroll of teleportation {unknown}
 s - a scroll of blinking {unknown}
Potions
 e - a potion of porridge
 k - a potion of resistance {unknown}
 n - 2 potions of haste {unknown}
 o - a potion of flight {unknown}


   Skills:
 - Level 1.0 Fighting
 * Level 2.5 Short Blades
 - Level 1.1 Throwing
 * Level 2.4 Dodging
 * Level 2.5 Stealth
 - Level 1.3 Spellcasting
   Level 1.2 Hexes
   Level 2.4 Ice Magic
   Level 1.3 Evocations


You had 3 spell levels left.
You knew the following spells:

 Your Spells              Type           Power        Failure   Level  Hunger
a - Sting                 Conj/Pois      #...         30%         1    ##.....


Dungeon Overview and Level Annotations

Branches:
Dungeon (2/15)

Altars:
Vehumet


Innate Abilities, Weirdness & Mutations

You are tiny and cannot use many weapons and most armour.
You have supernaturally acute eyesight.
You are a herbivore.
You cover ground extremely quickly.
You need consume almost no food.


Message History

m - 6 poisoned needles (gained 1)
m - 8 poisoned needles (gained 2)
g - 81 stones (gained 1)
g - 83 stones (gained 2)
g - 85 stones (gained 2)
g - 86 stones (gained 1)
g - 87 stones (gained 1)
g - 88 stones (gained 1);
m - 9 poisoned needles (gained 1)
A kobold comes into view.
A rat comes into view.
The kobold shouts!
The rat barely misses you.
Found a radiant altar of Vehumet.
You closely miss the rat. You hit the rat.
You kill the rat!
The kobold zaps a wand.
The puff of flame hits you!
Ouch! That really hurt!
You barely miss the kobold.
The kobold zaps a wand.
The puff of flame hits you!
You die...

### .....# ..#...#
### ........### ..#
##.#._.#...#
#.##............#
####.##......#.....#
..##.##....%...K...#
.....##......+ +@..+
..#%.##......###...#
..#..##..........###
..#..##...###.##.#
###..##...###.##.# #
#...........##.# #
#.###.....####.# #
#.# ###...# #...#
###.# #.......##.#


You could see a kobold.

Vanquished Creatures
  An adder (D:2)
  2 worms (D:2)
  An ooze (D:1)
  2 goblins (D:1)
  4 hobgoblins
  2 kobolds (D:1)
  6 giant newts
  5 rats
23 creatures vanquished.

Notes
Turn   | Place    | Note
--------------------------------------------------------------
     0 | D:1      | MordorOrchid, the Spriggan Wanderer, began the quest for the Orb.
     0 | D:1      | Reached XP level 1. HP: 10/10 MP: 3/3
   630 | D:1      | Reached XP level 2. HP: 14/14 MP: 5/5
   671 | D:1      | Reached skill level 1 in Stealth
  1488 | D:2      | Reached XP level 3. HP: 18/18 MP: 7/7
  1590 | D:2      | Found a radiant altar of Vehumet.
  1594 | D:2      | Killed from afar by a kobold

Action                   || total
-------------------------++-------
Melee: Short sword       ||    12
       Dagger            ||    14
 Fire: Blowgun           ||    29
Throw: Stone             ||    53
 Stab: Sleeping          ||     7
